 Dungeon Crawl Stone Soup version 0.17-a0-1522-g6c5b4ba (webtiles) character file.

51 namelastname112 the Poker (level 3, 0/30 HPs)
             Began as a Draconian Skald on July 15, 2015.
             Slain by a rat (1 damage)
             ... on level 2 of the Dungeon.
             The game lasted 00:01:49 (1196 turns).

namelastname112 the Poker (Draconian Skald)         Turns: 1196, Time: 00:01:49

Health: 0/30       AC:  5    Str: 14    XL:     3   Next: 57%
Magic:  6/6        EV: 12    Int: 12    God:
Gold:   51         SH:  0    Dex: 11    Spells: 1 memorised, 5 levels left

rFire  . . .     SeeInvis .     a - +0 spear
rCold  . . .     Clarity  .     (armour unavailable)
rNeg   . . .     SustAt   .     (no shield)
rPois  .         Gourm    .     (helmet restricted)
rElec  .         Spirit   .     (no cloak)
rCorr  .         Warding  .     (no gloves)
rMut   .         Stasis   .     (no boots)
MR     .....                    (no amulet)
Stlth  +.........               (no ring)
                                (no ring)

@: lethally poisoned (0 -> -2), not resistant to hostile enchantments, very
unstealthy
A: unfitting armour, cold-blooded, AC +5
a: no special abilities


You were on level 2 of the Dungeon.
You were not hungry.

You visited 1 branch of the dungeon, and saw 2 of its levels.

You collected 51 gold pieces.

Inventory:

Hand weapons
 a - a +0 spear (weapon)
Scrolls
 d - a scroll of identify {unknown}
 e - 2 scrolls of recharging {unknown}
 f - 2 scrolls of remove curse {unknown}
 h - a scroll of amnesia {unknown}
 i - a scroll of fog {unknown}
Potions
 g - a potion of cancellation
Books
 b - a book of Battle

   Spells                             Type                      Level
   a - Infusion                       Charms                       1
   b - Shroud of Golubria             Charms/Translocation         2
   c - Song of Slaying                Charms                       2
   d - Spectral Weapon                Hexes/Charms                 3
   e - Regeneration                   Charms/Necromancy            3
Comestibles
 c - a bread ration


   Skills:
 + Level 2.8 Fighting
 * Level 3.3 Polearms
 + Level 1.9 Dodging
 - Level 2.0 Spellcasting
 - Level 2.6 Charms


You had 5 spell levels left.
You knew the following spells:

 Your Spells              Type           Power        Failure   Level  Hunger
z - Infusion              Chrm           #.....       12%         1    ##.....


Dungeon Overview and Level Annotations

Branches:
Dungeon (2/15)

Altars:
Dithmenos
Elyvilon


Innate Abilities, Weirdness & Mutations

Your plain brown scales are hard (AC +5).
Your body does not fit into most forms of armour.
You are cold-blooded and may be slowed by cold attacks.


Message History

The adder bites you.
* * * LOW HITPOINT WARNING * * *
You hit the adder.
The adder is almost dead.
* * * LOW HITPOINT WARNING * * *
You feel sick. The adder bites you.
* * * LOW HITPOINT WARNING * * *
The rat bites you but does no damage. The rat completely misses you.
You closely miss the adder.
The adder is almost dead.
The adder barely misses you. The rat closely misses you.
You hit the adder but do no damage.
Your tail-slap misses the adder.
The adder is almost dead.
* * * LOW HITPOINT WARNING * * *
You feel sick. The adder barely misses you.
The rat bites you but does no damage. The rat barely misses you.
You closely miss the adder.
The adder is almost dead.
The adder closely misses you. The rat bites you.
You die...

#### #... ## . .. ......
... .. ..###..
#..#######..⌠. >.#
#..#..###..........(..
...##.....##..##.r...[....
...............@S........
#.........##...r........
##..._...####.........#.
.##....†....##..........#
..............†.........#
#..##...).##..#####.#.....
#. ##..#..###.# .......
#.##..###..##.#### ##.....
#.....###........# .#


You could see an adder and 2 rats.

Vanquished Creatures
  An adder (D:2)
  An ooze (D:1)
  3 giant geckos
  4 bats
  A giant cockroach (D:1)
  2 goblins (D:1)
  3 hobgoblins
  6 kobolds
  A ball python (D:2)
  3 giant newts (D:1)
  9 rats
34 creatures vanquished.

Notes
Turn   | Place    | Note
--------------------------------------------------------------
     0 | D:1      | namelastname112 the Draconian Skald began the quest for the Orb.
     0 | D:1      | Reached XP level 1. HP: 17/17 MP: 3/3
   330 | D:1      | Reached XP level 2. HP: 13/25 MP: 5/5
   840 | D:1      | Reached XP level 3. HP: 30/30 MP: 6/6
  1000 | D:2      | Found a white marble altar of Elyvilon.
  1008 | D:2      | Reached skill level 3 in Polearms
  1135 | D:2      | Found a shadowy altar of Dithmenos.
  1195 | D:2      | HP: 1/30 [poisoned by an adder]
  1196 | D:2      | Slain by a rat

Vault maps used:
D:1:      tarquinn_simple_flora_water_f, hangedman_decor_clover_reticule
D:2:      nicolae_dithmenos_shadow_blocks, overflow_temple_1_default,
          first_bread, grunt_ministairs_1, st_stairs_6

Action                   || total
-------------------------++-------
Melee: Spear             ||   142
  Use: Potion            ||     1
 Stab: Distracted        ||     1
       Sleeping          ||     1
  Eat: Chunk             ||     1
